 Dungeon Crawl Stone Soup version 0.17-a0-931-g11a8995 (webtiles) character file.

2382 mefis231 the Arsonist (level 9, 0/47 HPs)
             Began as a Deep Elf Fire Elementalist on May 5, 2015.
             Shot with a bolt by an orc warrior (23 damage)
             ... in a bailey.
             The game lasted 00:27:56 (7537 turns).

mefis231 the Arsonist (Deep Elf Fire Elementalist)  Turns: 7537, Time: 00:27:56

Health: 0/47       AC:  4    Str:  5    XL:     9   Next: 22%
Magic:  19/31      EV: 14    Int: 24    God:
Gold:   313        SH:  0    Dex: 15    Spells: 5 memorised, 8 levels left

rFire  + . .     SeeInvis +     C - +0 long sword (holy)
rCold  + . .     Clarity  .     y - +1 robe {rC+ rF+}
rNeg   . . .     SustAb   .     (no shield)
rPois  .         Gourm    .     (no helmet)
rElec  .         Spirit   .     g - +0 cloak
rCorr  .         Warding  .     (no gloves)
rMut   .         Stasis   .     (no boots)
MR     .....                    (no amulet)
Stlth  ++........               w - ring of see invisible
                                o - ring of magical power

@: drained, not resistant to hostile enchantments, unstealthy
A: no striking features
a: no special abilities


You were in a bailey.
You were hungry.

You visited 1 branch of the dungeon, and saw 7 of its levels.
You also visited: Bailey.

You collected 313 gold pieces.

Inventory:

Hand weapons
 q - a +0 short sword
 t - a +0 rapier
 C - a +0 long sword of holy wrath (weapon)
Armour
 a - a +0 robe
 g - a +0 cloak (worn)
 y - a +1 robe of resistance (worn)
Jewellery
 d - an uncursed ring of positive energy
 o - a ring of magical power (left hand)
 v - an uncursed ring of protection from cold {unknown}
 w - a ring of see invisible (right hand)
Scrolls
 e - a scroll of immolation
 f - 4 scrolls of remove curse
 h - a scroll of random uselessness
 j - a scroll of noise
 l - a scroll of identify
 n - a scroll of recharging {unknown}
 p - 2 scrolls of enchant weapon {unknown}
 s - 2 scrolls of teleportation {unknown}
 D - a scroll of blinking {unknown}
Potions
 k - a potion of cure mutation
 m - a potion of brilliance
 u - 2 potions of curing
 x - a potion of heal wounds
 B - 2 potions of resistance
Books
 b - a book of Flames

   Spells                             Type                      Level
   a - Flame Tongue                   Conjuration/Fire             1
   b - Throw Flame                    Conjuration/Fire             2
   c - Conjure Flame                  Conjuration/Fire             3
   d - Inner Flame                    Hexes/Fire                   3
   e - Sticky Flame                   Conjuration/Fire             4
   f - Fireball                       Conjuration/Fire             5
 E - a book of Power

   Spells                             Type                      Level
   a - Fulminant Prism                Conjuration/Hexes            4
   b - Iskenderun's Mystic Blast      Conjuration                  4
   c - Venom Bolt                     Conjuration/Poison           5
   d - Bolt of Magma                  Conjuration/Fire/Earth       5
   e - Iron Shot                      Conjuration/Earth            6
   f - Orb of Destruction             Conjuration                  7
   g - Spellforged Servitor           Conjuration/Summoning        7
 F - a book of Fire

   Spells                             Type                      Level
   a - Ignite Poison                  Fire/Transmutation/Poison    3
   b - Fireball                       Conjuration/Fire             5
   c - Bolt of Fire                   Conjuration/Fire             6
   d - Delayed Fireball               Conjuration/Fire             7
   e - Ring of Flames                 Charms/Fire                  7
 G - a book of Summonings

   Spells                             Type                      Level
   a - Abjuration                     Summoning                    3
   b - Recall                         Summoning/Translocation      3
   c - Shadow Creatures               Summoning                    5
   d - Summon Demon                   Summoning                    5
   e - Summon Forest                  Summoning/Translocation      5
   f - Monstrous Menagerie            Summoning                    6
Comestibles
 c - 3 bread rations
 i - 3 meat rations
 r - 4 slices of pizza
 z - 2 beef jerkies
 A - 2 fruits


   Skills:
 + Level 1.5(1.4) Fighting
 + Level 1.7(1.5) Armour
 + Level 3.8(3.6) Dodging
 - Level 2.4(2.2) Stealth
 + Level 7.8(7.6) Spellcasting
 * Level 8.1(7.9) Conjurations
 * Level 8.5(8.4) Fire Magic


You had 8 spell levels left.
You knew the following spells:

 Your Spells              Type           Power        Failure   Level  Hunger
a - Flame Tongue          Conj/Fire      #####        1%          1    None
b - Conjure Flame         Conj/Fire      #####...     1%          3    None
c - Sticky Flame          Conj/Fire      #####...     2%          4    ###....
d - Fireball              Conj/Fire      #####.....   8%          5    #####..
e - Throw Flame           Conj/Fire      #####.       1%          2    None


Dungeon Overview and Level Annotations

Branches:
Dungeon (7/15)
 Temple: D:4-7

Altars:
Kikubaaqudgha
Makhleb
Ru
Sif Muna
Yredelemnul

Shops:
D:4 :   D:6 [


Message History

The orc warrior is moderately wounded.
The orc warrior shoots a bolt.
The bolt misses you.
Casting: Throw Flame
Confirm with . or Enter, or press ? or * to list all spells.
Aiming: Throw Flame
Press: ? - help, Shift-Dir - straight line, f/p - orc warrior
Aim: an orc warrior, wielding an enchanted arbalest and wearing a ring mail (moderately wounded)
The puff of flame hits the orc warrior.
The orc warrior is moderately wounded.
The orc warrior is engulfed in a cloud of scalding steam.
The orc warrior shoots a bolt.
The bolt hits you!
Casting: Throw Flame
Confirm with . or Enter, or press ? or * to list all spells.
Aiming: Throw Flame
Press: ? - help, Shift-Dir - straight line, f/p - orc warrior
Aim: an orc warrior, wielding an enchanted arbalest and wearing a ring mail (moderately wounded)
The puff of flame hits the orc warrior.
The orc warrior is severely wounded.
The orc warrior shoots a bolt.
The bolt hits you!!
You die...

... ......#
#≈......#
o§......#
##§......#
#o#≈≈....).#
≈≈≈≈.......#
...........#
..........@.#
............#
........(...#
..........∩.#
..........∩#
############


You could see an orc warrior.

Vanquished Creatures
  Pikel (D:6)
  Prince Ribbit (D:6)
  The ghost of mefis231 the Firebug, an average DEFE (D:5)
  The ghost of Upjohns the Covered, an average DDFi of Okawaru (D:4)
  A hungry ghost (D:6)
  Purgy (D:4)
  A sky beast (D:5)
  An ogre (D:4)
  A centaur (D:6)
  A giant frog (D:7)
  A scorpion (D:5)
  2 wights (D:7)
  A crimson imp (D:5)
  A giant frog zombie (D:5)
  A hound (D:5)
  3 orc wizards
  A giant frog skeleton (D:5)
  3 iguanas
  An orc priest (D:7)
  3 hell rats (D:5)
  2 worker ants
  3 gnolls (D:4)
  2 worker ant zombies (D:5)
  9 adders
  5 river rats (D:5)
  An ooze (D:3)
  4 worms
  8 giant geckos
  6 orcs
  6 bats
  2 bat skeletons
  3 giant cockroaches
  9 goblins
  13 hobgoblins
  A quokka (D:4)
  4 ball pythons
  A giant gecko skeleton (D:5)
  A giant gecko zombie (D:6)
  5 giant newts
  12 kobolds
  A quokka zombie (D:7)
  35 rats
160 creatures vanquished.

Vanquished Creatures (others)
  A worm (D:6)
  2 orcs (D:6)
3 creatures vanquished.

Grand Total: 163 creatures vanquished

Notes
Turn   | Place    | Note
--------------------------------------------------------------
     0 | D:1      | mefis231, the Deep Elf Fire Elementalist, began the quest for the Orb.
     0 | D:1      | Reached XP level 1. HP: 10/10 MP: 6/6
   482 | D:1      | Reached XP level 2. HP: 15/15 MP: 5/8
  1475 | D:2      | Reached skill level 4 in Spellcasting
  1475 | D:2      | Reached XP level 3. HP: 11/19 MP: 2/10
  1480 | D:2      | Learned a level 3 spell: Conjure Flame
  2070 | D:2      | Reached XP level 4. HP: 20/24 MP: 8/12
  2093 | D:2      | Learned a level 4 spell: Sticky Flame
  3317 | D:4      | Noticed Upjohns's ghost (average DDFi)
  3324 | D:4      | Killed Upjohns's ghost
  3324 | D:4      | Reached skill level 5 in Spellcasting
  3324 | D:4      | Reached XP level 5. HP: 17/28 MP: 13/14
  3331 | D:4      | Learned a level 5 spell: Fireball
  3462 | D:4      | Reached XP level 6. HP: 32/32 MP: 15/15
  3540 | D:4      | Reached skill level 5 in Fire Magic
  3821 | D:4      | Noticed Purgy
  3830 | D:4      | Killed Purgy
  3990 | D:4      | Reached skill level 5 in Conjurations
  4271 | D:4      | Found Igolluj's Book Emporium.
  4335 | D:4      | Noticed an ogre
  4339 | D:4      | Killed an ogre
  4339 | D:4      | Reached XP level 7. HP: 36/36 MP: 17/17
  4456 | D:5      | Entered Level 5 of the Dungeon
  4732 | D:5      | Noticed mefis231's ghost (average DEFE)
  4755 | D:5      | Killed mefis231's ghost
  4755 | D:5      | Reached skill level 6 in Spellcasting
  4941 | D:5      | Found a burning altar of Makhleb.
  4941 | D:5      | Found an ancient bone altar of Kikubaaqudgha.
  4944 | D:5      | Found a basalt altar of Yredelemnul.
  4946 | D:5      | Found a deep blue altar of Sif Muna.
  4952 | D:5      | Found a sacrificial altar of Ru.
  5329 | D:5      | Reached skill level 7 in Fire Magic
  5329 | D:5      | Reached XP level 8. HP: 41/41 MP: 19/19
  6741 | D:6      | Noticed Prince Ribbit
  6749 | D:6      | Killed Prince Ribbit
  6749 | D:6      | Reached skill level 1 in Fighting
  6977 | D:6      | Noticed Pikel
  6986 | D:6      | Killed Pikel
  6986 | D:6      | Reached skill level 1 in Armour
  6986 | D:6      | Reached skill level 8 in Fire Magic
  6986 | D:6      | Reached XP level 9. HP: 22/47 MP: 16/22
  7157 | D:6      | Found Deoxoqeg's Armour Boutique.
  7178 | D:6      | You fall through a shaft!
  7452 | D:7      | Found a flagged portal.
  7463 | Bailey   | Entered a bailey
  7477 | Bailey   | Learned a level 2 spell: Throw Flame
  7537 | Bailey   | Shot with a bolt by an orc warrior

Action                   |  1- 3 |  4- 6 |  7- 9 || total
-------------------------+-------+-------+-------++-------
Melee: Rapier            |       |       |    55 ||    55
 Cast: Flame Tongue      |    74 |    84 |   167 ||   325
       Conjure Flame     |       |     7 |    21 ||    28
       Sticky Flame      |       |     2 |     7 ||     9
       Fireball          |       |       |     9 ||     9
       Throw Flame       |       |       |     7 ||     7
  Use: Scroll            |       |     3 |     7 ||    10
  Eat: Chunk             |     3 |     8 |     8 ||    19
       Meat ration       |       |       |     1 ||     1
